 Dungeon Crawl Stone Soup version 0.28.0-53-g5a82cb258f (webtiles) character file.

Game seed: 11416068064447228009

2258 moldycheese5 the Covered (level 9, -10/69 HPs)
             Began as a Demonspawn Abyssal Knight on June 17, 2022.
             Was an Elder of Lugonu.
             Mangled by an orc warlord
             ... wielding a +3 bardiche of venom
              (12 damage)
             ... in a bailey.
             The game lasted 00:16:25 (6745 turns).

moldycheese5 the Covered (DsAK)                     Turns: 6745, Time: 00:16:26

Health: -10/69     AC: 15    Str: 21    XL:     9   Next: 15%
Magic:  10/10      EV: 11    Int: 12    God:    Lugonu [****..]
Gold:   410        SH:  0    Dex: 14    Spells: 4/8 levels left

rFire   + . .      SeeInvis .   v - +3 great sword (freeze)
rCold   . . .      Faith    .   (shield currently unavailable)
rNeg    . . .      Spirit   .   B - +7 ring mail of Cesmix {rElec rF+ rCorr Str+4}
rPois   .          Reflect  .   (helmet restricted)
rElec   +          Harm     .   (no cloak)
rCorr   +          Rampage  .   (no gloves)
Will    .....                   (no boots)
Stlth   ..........              (no amulet)
HPRegen 0.21/turn               o - ring of flight
MPRegen 0.12/turn               e - ring of wizardry

@: confused, lethally poisoned (-10 -> -27), ambrosia-drunk, flying
A: horns 1, yellow scales 1, foul stench 1, spiny 1
a: Renounce Religion, Depart the Abyss, Bend Space, Banish, Corrupt


You were in a bailey.
You worshipped Lugonu.
Lugonu was greatly pleased with you.
You visited 1 branch of the dungeon, and saw 7 of its levels.
You visited the Abyss 1 time.
You also visited: Bailey.

You collected 410 gold pieces.

Inventory:

Hand Weapons
 a - a +1 falchion
 s - a +2 war axe of draining
 v - a +3 great sword of freezing (weapon)
Armour
 b - a +0 leather armour
 d - a +0 ring mail
 h - a +0 chain mail
 B - the +7 ring mail of Cesmix (worn) {rElec rF+ rCorr Str+4}
   (You found it on level 6 of the Dungeon)

   Str:       It affects your strength (+4).
   rF:        It protects you from fire.
   rElec:     It insulates you from electricity.
   rCorr:     It protects you from acid and corrosion.
Jewellery
 e - a ring of wizardry (right hand)
 o - a ring of flight (left hand)
 u - a ring of ice
Wands
 A - a wand of polymorph (5)
Scrolls
 c - 2 scrolls of noise
 f - a scroll of enchant armour
 m - a scroll of acquirement
 n - 3 scrolls of amnesia
 p - 3 scrolls of teleportation
 r - a scroll of immolation
 y - a scroll of holy word
 z - a scroll of blinking {unknown}
Potions
 g - a potion of flight {unknown}
 i - 2 potions of lignification {unknown}
 j - a potion of ambrosia
 k - 2 potions of heal wounds {unknown}
 l - 2 potions of degeneration {unknown}
 q - 2 potions of attraction {unknown}
 t - a potion of magic {unknown}
 w - 3 potions of invisibility
 x - 2 potions of curing


   Skills:
 + Level 6.1 Fighting
 + Level 4.7 Long Blades
 + Level 6.0 Axes
 + Level 6.2 Armour
 + Level 2.3 Dodging
 + Level 0.7 Stealth
 + Level 2.6 Invocations


You had 4 spell levels left.
You knew the following spells:

 Your Spells              Type           Power      Damage    Failure   Level
a - Vampiric Draining     Necr           0%         2d6       50%         3
b - Apportation           Tloc           0%         N/A       21%         1

Your spell library contained the following spells:

 Spells                   Type           Power      Damage    Failure   Level
 Animate Skeleton         Necr           0%         N/A       21%         1
 Beastly Appendage        Tmut           0%         N/A       21%         1
 Slow                     Hex            0%         N/A       21%         1
 Summon Small Mammal      Summ           0%         N/A       21%         1
 Wereblood                Tmut           0%         N/A       30%         2
 Call Canine Familiar     Summ           0%         N/A       50%         3
 Confusing Touch          Hex            0%         N/A       50%         3
 Spider Form              Tmut/Pois      0%         N/A       50%         3
 Summon Guardian Golem    Hex/Summ       0%         N/A       50%         3


Dungeon Overview and Level Annotations

Branches:
Dungeon (7/15)             Temple (0/1) D:7          Bailey (1/1)

Altars:
Cheibriados
Gozag
Hepliaklqana
Makhleb
Nemelex Xobeh
Trog
Uskayaw
Wu Jian
Xom
Lugonu

Portals:
Abyss: D:3


Innate Abilities, Weirdness & Mutations

You have a pair of small horns on your head.
You are partially covered in yellow scales. (AC +2)
You may rarely emit foul miasma when damaged in melee.
You are partially covered in sharp spines.


Message History

You bump into the stone wall.
The hobgoblin completely misses you. The gnoll is struck by your spines.
The gnoll closely misses you.
You bump into the stone wall.
The hobgoblin barely misses you. The gnoll hits you but does no damage.
You bump into the stone wall.
The hobgoblin hits you but does no damage.
The gnoll hits you with a +0 hand axe.
You hit the gnoll. You freeze the gnoll.
The gnoll is heavily wounded.
The hobgoblin is struck by your spines. The hobgoblin misses you.
The orc warlord hits you from afar with a +3 bardiche of venom.
You are poisoned.
The gnoll is struck by your spines. The gnoll barely misses you.
The hobgoblin is struck by your spines.
You kill the hobgoblin!
Lugonu accepts your kill.
Your Axes skill increases to level 6!
You feel very sick. The gnoll hits you with a +0 hand axe.
The orc warlord hits you with a +3 bardiche of venom!!
* * * LOW HITPOINT WARNING * * *
You are lethally poisoned!
The orc is struck by your spines.
You kill the orc!
Lugonu accepts your kill.
Items here: ))))) [[[[[ †††.
You slash the orc warlord! You freeze the orc warlord.
Your headbutt misses the orc warlord.
The orc warlord is lightly wounded.
* * * LOW HITPOINT WARNING * * *
You feel extremely sick. The gnoll hits you with a +0 hand axe!
* * * LOW HITPOINT WARNING * * *
The orc warlord is struck by your spines.
The orc warlord barely misses you. The orc barely misses you.
The gnoll hits you but does no damage. The gnoll is struck by your spines.
The gnoll hits you but does no damage. The gnoll closely misses you.
The orc warlord is struck by your spines.
The orc warlord hits you with a +3 bardiche of venom!
You die...

###.....# ##........
#......... #.........
#.....⌠... #.........
#goog..... ###@gg.....
♣♣♣♣♣♣♣♣♣ ###.#g#g....#
♣.....♣.♣###.....###.###
♣.......##....)....###
........#....)......#
♣.......'.....).....#
...∩.∩..'.....).....#
........).[...).....#
♣......)#...........#


You could see an orc warlord, 3 gnolls, an orc (strong), a hobgoblin and 2
goblins.

Vanquished Creatures
  2 water moccasins (D:6)
  2 black bears
  10 orc warriors (Bailey)
  2 phantoms
  2 scorpions
  A bullfrog zombie (D:6)
  7 hounds
  3 jellies
  An iguana (D:6)
  Natasha (thrice) (D:2)
  A mummy (D:6)
  2 gnolls (Bailey)
  5 adders
  2 white imps (D:6)
  An ufetubus (D:4)
  2 worms
  A dart slug (D:3)
  15 orcs
  3 endoplasms
  5 giant cockroaches
  22 goblins
  21 hobgoblins
  11 jackals
  3 quokkas
  7 ball pythons
  7 bats
  3 frilled lizards
  8 kobolds
  2 orc zombies (D:6)
  9 rats
163 creatures vanquished.

Vanquished Creatures (others)
  A lurking horror (D:3)
1 creature vanquished.

Grand Total: 164 creatures vanquished

Notes
Turn   | Place    | Note
-------+----------+-------------------------------------------
     0 | Abyss:1  | moldycheese5 the Demonspawn Abyssal Knight began the quest
                  | for the Orb.
     0 | Abyss:1  | Reached XP level 1. HP: 18/18 MP: 2/2
     0 | D:1      | Escaped the Abyss
   499 | D:1      | Reached * piety under Lugonu
   576 | D:1      | Gained mutation: You are partially covered in sharp spines.
                  | [demonic ancestry]
   576 | D:1      | Reached XP level 2. HP: 24/24 MP: 3/3
   786 | D:2      | Reached XP level 3. HP: 24/30 MP: 4/4
   886 | D:2      | Reached skill level 1 in Dodging
   886 | D:2      | Found a shimmering altar of Xom.
   984 | D:2      | Noticed Natasha
   994 | D:2      | Killed Natasha
   995 | D:2      | Reached XP level 4. HP: 6/37 MP: 5/5
  1417 | D:2      | Noticed Natasha
  1424 | D:2      | Killed Natasha
  1427 | D:2      | Noticed Natasha
  1434 | D:2      | Killed Natasha
  1435 | D:2      | Reached XP level 5. HP: 18/42 MP: 6/6
  1713 | D:2      | Found a faded altar of an unknown god.
  1930 | D:3      | Found a corrupted altar of Lugonu.
  1964 | D:3      | Found a one-way gate to the infinite horrors of the Abyss.
  2327 | D:3      | Reached ** piety under Lugonu
  2498 | D:3      | Found a bloodstained altar of Trog.
  2866 | D:4      | Noticed a phantom
  2875 | D:4      | Killed a phantom
  2964 | D:4      | Reached XP level 6. HP: 48/49 MP: 7/7
  3138 | D:4      | Learned a level 3 spell: Vampiric Draining
  3140 | D:4      | Learned a level 1 spell: Apportation
  3339 | D:4      | Found an opulent altar of Gozag.
  3602 | D:4      | Reached *** piety under Lugonu
  3682 | D:4      | Found a shimmering altar of Xom.
  3685 | D:4      | Found an ornate altar of the Wu Jian Council.
  3685 | D:4      | Found a snail-covered altar of Cheibriados.
  3687 | D:4      | Found a hazy altar of Hepliaklqana.
  3687 | D:4      | Found a burning altar of Makhleb.
  3687 | D:4      | Found a hide-covered altar of Uskayaw.
  3741 | D:5      | Entered Level 5 of the Dungeon
  3798 | D:5      | Reached skill level 1 in Axes
  4082 | D:5      | Gained mutation: You may rarely emit foul miasma when
                  | damaged in melee. [demonic ancestry]
  4082 | D:5      | Reached XP level 7. HP: 49/55 MP: 8/8
  4907 | D:6      | Reached skill level 5 in Fighting
  5313 | D:6      | Gained mutation: You have a pair of small horns on your
                  | head. [demonic ancestry]
  5313 | D:6      | Reached XP level 8. HP: 58/62 MP: 9/9
  5574 | D:6      | Reached skill level 5 in Armour
  5652 | D:6      | Found a burning altar of Makhleb.
  5656 | D:6      | Found a sparkling altar of Nemelex Xobeh.
  5683 | D:6      | Identified the +7 ring mail of Cesmix {rElec rF+ rCorr
                  | Str+4}
  5706 | D:6      | Reached **** piety under Lugonu
  6062 | D:7      | Found a staircase to the Ecumenical Temple.
  6112 | D:7      | Found a flagged portal.
  6126 | Bailey   | Entered a bailey
  6476 | Bailey   | Reached skill level 5 in Axes
  6490 | Bailey   | HP: 3/64 [orc warrior/+0 war axe (3)]
  6514 | Bailey   | Gained mutation: You are partially covered in yellow
                  | scales. (AC +2) [demonic ancestry]
  6514 | Bailey   | Reached XP level 9. HP: 23/69 MP: 10/10
  6735 | Bailey   | Noticed an orc warlord
  6745 | Bailey   | HP: 2/69 [gnoll/+0 hand axe (7)]
  6745 | Bailey   | Mangled by an orc warlord

Illustrated notes

Levels and vault maps discovered:
D:1:      mushboom_english_gardens, layout_loops_ring
D:2:      layout_rooms, basic_ecumenical_altar, basic_altar, uniq_natasha
D:3:      layout_loops_cross, lemuel_tele_altar,
          amcnicky_altar_lugonu_corruption
D:4:      cheibrodos_greedy_goblins, layout_rooms, general_overflow_altar,
          doesnt_xom_only_xom
D:5:      corexii_shack_village, layout_basic
D:6:      layout_gridville, grunt_temple_overflow_open,
          nicolae_ossuary_entry_giza
D:7:      layout_rooms, minmay_temple_entry_tees, enter_bailey_2, nrook_campfire
Bailey:   bailey_axe_minmay_hex_keep, bailey

Skill      XL: |  1  2  3  4  5  6  7  8  9 |
---------------+----------------------------+-----
Long Blades    | 2 3 4 |  4.7
Armour         | 2 3 4 6 |  6.2
Dodging        | 1 2 |  2.3
Fighting       | 4 5 6 |  6.1
Axes           | 1 3 5 6 |  6.0
Stealth        | |  0.7
Invocations    | |  2.6

Action                   |  1- 3 |  4- 6 |  7- 9 || total
-------------------------+-------+-------+-------++-------
Melee: Falchion          |    52 |    97 |       ||   149
       War axe           |       |    40 |   115 ||   155
       Punch             |       |     1 |       ||     1
       Headbutt          |       |       |    16 ||    16
       Great sword       |       |       |    15 ||    15
Invok: Depart the Abyss  |     1 |       |       ||     1
  Use: Scroll            |       |     5 |     6 ||    11
       Potion            |       |       |     3 ||     3
Armor: Chain mail        |    30 |    82 |    40 ||   152
       Ring mail         |       |       |    40 ||    40
Dodge: Dodged            |    16 |    43 |    63 ||   122
